 Dungeon Crawl Stone Soup version 0.28.0 (webtiles) character file.

Game seed: 5025032830163324914

1208 Sanktem7 the Carver (level 8, -14/70 HPs)
             Began as a Minotaur Fighter on Feb 11, 2022.
             Demolished by Edmund (19 damage)
             ... on level 6 of the Dungeon.
             The game lasted 00:09:28 (4465 turns).

Sanktem7 the Carver (Minotaur Fighter)              Turns: 4465, Time: 00:09:29

Health: -14/70     AC: 12    Str: 37      XL:     8   Next: 21%
Magic:  7/7        EV:  9    Int:  9 (10) God:
Gold:   262        SH:  9    Dex: 10      Spells: 7/7 levels left

rFire   . . .      SeeInvis .   a - +0 long sword
rCold   . . .      Faith    .   l - +1 kite shield
rNeg    . . .      Spirit   .   b - +0 scale mail
rPois   .          Reflect  .   m - +1 hat
rElec   .          Harm     .   (no cloak)
rCorr   .          Rampage  .   (no gloves)
Will    .....                   (no boots)
Stlth   ..........              c - amulet "Veohaino" {Acrobat Will- Regen+ Str+8 Int+5}
HPRegen 1.01/turn               j - +6 ring of strength
MPRegen 0.10/turn               p - +4 ring of protection

@: lethally poisoned (-14 -> -16)
A: horns 2, retaliatory headbutt, claws 1, sense surroundings 1
a: no special abilities


You were on level 6 of the Dungeon.
You visited 1 branch of the dungeon, and saw 6 of its levels.

You collected 262 gold pieces.

Inventory:

Hand Weapons
 a - a +0 long sword (weapon)
Armour
 b - a +0 scale mail (worn)
 l - a +1 kite shield (worn)
 m - a +1 hat (worn)
Jewellery
 c - the amulet "Veohaino" (around neck) {Acrobat Will- Regen+ Str+8 Int+5}
   (You acquired it on level 2 of the Dungeon)

   [amulet of the acrobat]

   It increases your evasion while moving and waiting.
   Str:       It affects your strength (+8).
   Int:       It affects your intelligence (+5).
   Regen:     It increases your rate of health regeneration.
   Will:      It decreases your willpower.
 f - a +4 ring of evasion
 j - a +6 ring of strength (left claw)
 n - a ring of flight
 p - a +4 ring of protection (right claw)
 w - a ring of poison resistance
 A - a +6 ring of strength
Wands
 z - a wand of polymorph (7)
Scrolls
 e - 2 scrolls of enchant armour
 h - 9 scrolls of identify
 i - 2 scrolls of vulnerability
 o - a scroll of teleportation {unknown}
 r - a scroll of noise
Potions
 d - 5 potions of might
 k - a potion of lignification
 v - 3 potions of mutation
 x - a potion of berserk rage


   Skills:
 * Level 6.1 Fighting
 * Level 8.7 Long Blades
 * Level 7.0 Armour
 + Level 2.1 Dodging
 - Level 3.6 Shields


You had 7 spell levels left.
You didn't know any spells.
Your spell library contained the following spells:

 Spells                   Type           Power      Damage    Failure   Level
 Apportation              Tloc           0%         N/A       91%         1
 Beastly Appendage        Tmut           0%         N/A       91%         1
 Sublimation of Blood     Necr           0%         N/A       97%         2
 Wereblood                Tmut           0%         N/A       97%         2
 Conjure Flame            Conj/Fire      0%         6-21      99%         3
 Ignite Poison            Fire/Tmut/Pois 0%         N/A       99%         3
 Spider Form              Tmut/Pois      0%         N/A       99%         3
 Sticky Flame             Conj/Fire      0%         2d3       100%        4
 Alistair's Intoxication  Tmut/Pois      0%         N/A       100%        5
 Summon Hydra             Summ           0%         N/A       100%        7


Dungeon Overview and Level Annotations

Branches:
Dungeon (6/15)
 Temple: D:4-7

Altars:
Vehumet

Shops:
D:4 [

Annotations:
D:6 3 runed translucent doors, Edmund; js333's ghost, novice DECj


Innate Abilities, Weirdness & Mutations

You have a pair of horns on your head.
You reflexively headbutt those who attack you in melee.
You have sharp fingernails.
You passively map a small area around you.


Message History

You are poisoned.
You feel very sick.
There is an open door here.
You hit Edmund but do no damage. Your headbutt misses Edmund.
Edmund is heavily wounded.
You feel sick.
Edmund hits you with a +5 dire flail of venom!
Edmund hits you with a +5 dire flail of venom!!
You hit Edmund but do no damage.
Edmund is heavily wounded.
You feel sick. You block Edmund's attack. x2
You barely miss Edmund. Your headbutt misses Edmund.
Edmund is heavily wounded.
You feel sick. Edmund barely misses you. You furiously retaliate!
You headbutt Edmund! You hit Edmund but do no damage.
Edmund is heavily wounded.
You feel sick. Edmund barely misses you.
Edmund hits you with a +5 dire flail of venom.
You are more poisoned.
You hit Edmund but do no damage. You headbutt Edmund.
Edmund is severely wounded.
You feel very sick. You block Edmund's attack. Edmund barely misses you.
You hit Edmund.
Edmund is severely wounded.
You feel sick.
Edmund hits you with a +5 dire flail of venom!
* * * LOW HITPOINT WARNING * * *
Edmund hits you with a +5 dire flail of venom.
* * * LOW HITPOINT WARNING * * *
You are lethally poisoned!
You feel better. You block Edmund's attack.
You slash Edmund! Your headbutt misses Edmund.
Edmund is almost dead.
Edmund hits you with a +5 dire flail of venom!
* * * LOW HITPOINT WARNING * * *
You are poisoned.
Edmund hits you with a +5 dire flail of venom!!
You die...

* * , * ##.# #####* ,...#
#... , .
####..#############.#### ..
+.......................
...###...#####.......#.##.# ,
#.......##......###.#.#... *
.#.......##......# #...#### ,
......>.W@@......+ ........
**..##....###......#*########
........# #......# #
###≈###.# #......#, # .# #..
#......#....# # #.
###,#......#....# # . ,
#......#....# # *
,#..[...#....# # , ,#....# #


You could see Edmund (berserk) and a phantom.

Vanquished Creatures
  A wyvern (D:6)
  An ice beast (D:6)
  2 ogres
  A phantom (D:5)
  2 scorpions (D:6)
  2 centaur zombies (D:5)
  2 hounds (D:6)
  Crazy Yiuf (D:2)
  4 orc priests
  3 orc wizards
  A killer bee zombie (D:6)
  11 adders
  A shadow imp (D:5)
  A white imp (D:6)
  An adder zombie (D:5)
  An adder skeleton (D:5)
  4 worms
  2 dart slugs
  13 orcs
  6 bats
  9 endoplasms
  2 giant cockroaches
  9 goblins
  11 hobgoblins
  5 quokkas
  6 ball pythons
  4 frilled lizards
  4 kobolds
  3 rats
113 creatures vanquished.

Notes
Turn   | Place    | Note
-------+----------+-------------------------------------------
     0 | D:1      | Sanktem7 the Minotaur Fighter began the quest for the Orb.
     0 | D:1      | Reached XP level 1. HP: 19/19 MP: 0/0
   373 | D:1      | Reached XP level 2. HP: 27/27 MP: 1/1
   928 | D:2      | Reached skill level 3 in Long Blades
   928 | D:2      | Reached XP level 3. HP: 11/33 MP: 2/2
  1766 | D:2      | Reached XP level 4. HP: 41/41 MP: 3/3
  2048 | D:2      | Found a runed translucent door.
  2049 | D:2      | Noticed Crazy Yiuf
  2162 | D:2      | Identified a scroll of acquirement
  2164 | D:2      | Acquired the amulet "Veohaino" {Acrobat Will- Regen+ Str+8
                  | Int+5}
  2293 | D:2      | Killed Crazy Yiuf
  2294 | D:2      | Reached skill level 5 in Armour
  2355 | D:3      | Reached skill level 4 in Long Blades
  2465 | D:3      | Reached XP level 5. HP: 46/47 MP: 4/4
  2620 | D:3      | Reached skill level 1 in Dodging
  2651 | D:3      | Reached skill level 5 in Long Blades
  2705 | D:3      | Reached skill level 5 in Fighting
  2711 | D:3      | Reached XP level 6. HP: 56/56 MP: 5/5
  2903 | D:4      | Found Kuiwnace's Antique Armour Boutique.
  3408 | D:5      | Entered Level 5 of the Dungeon
  3521 | D:5      | Reached skill level 6 in Long Blades
  3573 | D:5      | Reached XP level 7. HP: 61/61 MP: 6/6
  3967 | D:5      | Gained mutation: You have sharp fingernails. [potion of
                  | mutation]
  3967 | D:5      | Gained mutation: You passively map a small area around you.
                  | [potion of mutation]
  4015 | D:6      | Noticed a wyvern
  4022 | D:6      | Killed a wyvern
  4023 | D:6      | Reached skill level 7 in Long Blades
  4048 | D:6      | Found a runed translucent gate.
  4120 | D:6      | Reached skill level 8 in Long Blades
  4174 | D:6      | Reached XP level 8. HP: 66/70 MP: 7/7
  4245 | D:6      | Found a radiant altar of Vehumet.
  4295 | D:6      | Found a runed translucent gate.
  4296 | D:6      | Found a runed translucent gate.
  4309 | D:6      | Noticed js333's ghost (novice DECj)
  4450 | D:6      | Noticed Edmund
  4465 | D:6      | Demolished by Edmund

Illustrated notes

Levels and vault maps discovered:
D:1:      dpeg_arrival_leaves_temple_mockup, layout_loops_ring
D:2:      layout_basic, hangedman_abyss_or_decor_lesser_grid,
          serial_park_tiny_2, minmay_quadrilaterals, uniq_crazy_yiuf_cottage
D:3:      layout_basic, chequers_jeans
D:4:      layout_basic, serial_shops, shop, grunt_decor_clamped, minivault_19
D:5:      kennysheep_spiral_hall, layout_basic, hex_medium
D:6:      layout_basic, nicolae_vehumet_radiance, biasface_ghost_orc_armoury,
          grunt_decor_cap, st_stairs_2, uniq_edmund

Skill      XL: |  1  2  3  4  5  6  7  8 |
---------------+-------------------------+-----
Armour         | 4 5 6 7 |  7.0
Fighting       | 4 5 6 |  6.1
Long Blades    | 3 4 5 6 8 |  8.7
Dodging        | 1 2 |  2.1
Shields        | |  3.6

Action                   |  1- 3 |  4- 6 |  7- 9 || total
-------------------------+-------+-------+-------++-------
Melee: Long sword        |    94 |   127 |    69 ||   290
       Headbutt          |     9 |    20 |     7 ||    36
  Use: Scroll            |       |     4 |     4 ||     8
       Potion            |       |       |     8 ||     8
Armor: Scale mail        |    45 |    34 |    26 ||   105
Dodge: Dodged            |    46 |    79 |    36 ||   161
Block: Buckler           |    20 |       |       ||    20
       Kite shield       |    18 |    57 |    27 ||   102
